 Dungeon Crawl Stone Soup version 0.23.1 (webtiles) character file.

Game seed: 3172933848566939667

208 Hasart the Insei (level 5, -2/35 HPs)
             Began as an Octopode Transmuter on Mar 6, 2019.
             Was an Initiate of Makhleb.
             Slain by an orc priest
             ... wielding a +0 trident
              (11 damage)
             ... on level 4 of the Dungeon.
             The game lasted 00:04:44 (2104 turns).

Hasart the Insei (Octopode Transmuter)              Turns: 2104, Time: 00:04:44

Health: -2/35      AC:  7    Str: 11    XL:     5   Next: 86%
Magic:  8/8        EV: 14    Int: 15    God:    Makhleb [......]
Gold:   120        SH:  0    Dex: 12    Spells: 7/8 levels left

rFire    . . .     SeeInvis .     - Unarmed
rCold    . . .     Gourm    .   (no shield)
rNeg     . . .     Faith    .   (helmet restricted)
rPois    .         Spirit   .   (no amulet)
rElec    .         Reflect  .   n - +6 ring of protection
rCorr    .         Harm     .   (no ring)
MR       .....                  (no ring)
Stlth    ++........             (no ring)
HPRegen  0.11/turn              (no ring)
MPRegen  0.11/turn              (no ring)
                                (no ring)
                                (no ring)

@: no status effects
A: almost no armour, stealthy swim, amphibious, 8 rings, constrict 8, camouflage
1, gelatinous body 1
a: Renounce Religion


You were on level 4 of the Dungeon.
You worshipped Makhleb.
Makhleb was noncommittal.
You were hungry.

You visited 1 branch of the dungeon, and saw 4 of its levels.

You collected 120 gold pieces.

Inventory:

Missiles
 a - 12 arrows
Jewellery
 n - a +6 ring of protection (left tentacle)
Scrolls
 b - a scroll of fear {unknown}
 d - 3 scrolls of teleportation {unknown}
 e - 2 scrolls of enchant armour {unknown}
 g - 5 scrolls of identify {unknown}
 o - a scroll of remove curse {unknown}
 q - a scroll of magic mapping {unknown}
Potions
 f - 2 potions of might {unknown}
 h - 2 potions of curing {unknown}
 i - a potion of cancellation {unknown}
 k - 3 potions of agility {unknown}
 l - a potion of brilliance {unknown}
 m - a potion of haste {unknown}
 p - a potion of flight {unknown}
Comestibles
 c - 5 rations


   Skills:
 + Level 2.7 Fighting
 + Level 3.3 Dodging
 * Level 5.0 Unarmed Combat
 - Level 2.0 Spellcasting
 - Level 2.0 Transmutations


You had 7 spell levels left.
You knew the following spells:

 Your Spells              Type           Power        Failure   Level  Hunger
u - Beastly Appendage     Tmut           #.....       10%         1    #......

Your spell library contained the following spells:

 Spells                   Type           Power        Failure   Level  Hunger
 Sticks to Snakes         Tmut           #.......     14%         2    ###....
 Spider Form              Tmut/Pois      #.........   41%         3    ###....
 Ice Form                 Ice/Tmut       #.......     82%         4    #####..
 Blade Hands              Tmut           #.........   95%         5    ######.


Dungeon Overview and Level Annotations

Branches:
Dungeon (4/15)
 Temple: D:4-7

Altars:
Elyvilon
Makhleb


Innate Abilities, Weirdness & Mutations

You cannot wear most types of armour.
You are very stealthy in the water. (Stealth+)
You are amphibious.
You can wear up to eight rings at the same time.
You can use your tentacles to constrict eight enemies at once.
Your skin changes colour to match your surroundings (Stealth+).
Your rubbery body absorbs attacks. (AC +1, EV +1)


Message History

You tentacle-slap the orc priest. You squeeze the orc priest.
The orc priest is severely wounded.
You constrict the orc priest, but do no damage.
The orc priest hits you but does no damage.
You tentacle-slap the orc priest but do no damage.
You squeeze the orc priest.
The orc priest is severely wounded.
You constrict the orc priest.
The orc priest mumbles some strange prayers to Beogh against you.
Beogh smites you!
The orc priest hits you from afar with a +0 trident!
* * * LOW HITPOINT WARNING * * *
The orc barely misses you.
You bludgeon the orc priest!
You kill the orc priest!
Makhleb accepts your kill.
Your Unarmed Combat skill increases to level 5!
The orc closely misses you. The orc hits you but does no damage.
The orc priest hits you from afar with a +0 trident!
You die...

##.........##
#...........##
#.....####...#
##...^## ###..
##...### ##.
##..### ##
##..## #
##..## #o@##
#o[## ...o#
#.... #...
#... #.. #.#


You could see an orc priest and 2 orcs.

Vanquished Creatures
  2 hounds (D:3)
  An orc priest (D:4)
  An orc wizard (D:3)
  2 adders
  An ooze (D:3)
  A worm (D:3)
  A leopard gecko (D:1)
  2 orcs (D:3)
  13 bats
  A giant cockroach (D:1)
  3 hobgoblins
  5 jackals (D:2)
  2 quokkas (D:3)
  A ball python (D:1)
  4 frilled lizards
  3 goblins
  12 kobolds
  8 rats
63 creatures vanquished.

Notes
Turn   | Place    | Note
-------+----------+-------------------------------------------
     0 | D:1      | Hasart the Octopode Transmuter began the quest for the Orb.
     0 | D:1      | Reached XP level 1. HP: 13/13 MP: 3/3
   334 | D:1      | Reached XP level 2. HP: 17/18 MP: 5/5
   743 | D:2      | Reached XP level 3. HP: 18/23 MP: 6/6
  1323 | D:3      | Reached skill level 4 in Unarmed Combat
  1354 | D:3      | Found a white marble altar of Elyvilon.
  1365 | D:3      | Reached XP level 4. HP: 29/29 MP: 7/7
  1680 | D:3      | Found a burning altar of Makhleb.
  1686 | D:3      | Reached XP level 5. HP: 31/35 MP: 8/8
  1693 | D:3      | Became a worshipper of Makhleb the Destroyer
  2104 | D:4      | Reached skill level 5 in Unarmed Combat
  2104 | D:4      | Slain by an orc priest

Skill      XL: |  1  2  3  4  5 |
---------------+----------------+-----
Unarmed Combat | 4 5 |  5.0
Fighting       | 2 |  2.7
Dodging        | 3 |  3.3
Spellcasting   | |  2.0
Transmutations | |  2.0

Action                   |  1- 3 |  4- 6 || total
-------------------------+-------+-------++-------
Melee: Unarmed           |    85 |    48 ||   133
       Constrict         |    25 |    17 ||    42
       Tentacles         |    12 |     8 ||    20
       Kick              |     1 |       ||     1
       Punch             |     3 |     5 ||     8
 Cast: Beastly Appendage |     1 |       ||     1
 Stab: Sleeping          |     8 |     4 ||    12
  Eat: Chunk             |     1 |     2 ||     3
Armor: Skin              |    10 |    16 ||    26
Dodge: Dodged            |    51 |    27 ||    78
